 Dungeon Crawl Stone Soup version 0.20-a0-1124-g2e29d97 (webtiles) character file.

286338 anfisbena the Impassioned (level 20, -3/207 HPs)
             Began as a Hill Orc Fighter on May 15, 2017.
             Was the Champion of Uskayaw.
             Slain by a deep troll (21 damage)
             ... led by an ironheart preserver
             ... on level 3 of the Vaults.
             The game lasted 01:01:21 (45882 turns).

anfisbena the Impassioned (Hill Orc Fighter)       Turns: 45882, Time: 01:01:22

Health: -3/207     AC: 15    Str: 21    XL:     20   Next: 63%
Magic:  8/33       EV: 10    Int:  1    God:    Uskayaw [******]
Gold:   2721       SH: 22    Dex: 16    Spells: 19/19 levels left

rFire    + + .     SeeInvis +   a - +2 war axe (elec)
rCold    + + +     Gourm    .   w - +0 large shield
rNeg     + . .     Faith    +   R - +8 plate armour of the Bull {rPois rC+++ Int-2 SInv}
rPois    +         Spirit   .   r - +2 hat {SInv}
rElec    +         Reflect  .   H - +1 cloak
rCorr    .         Harm     .   p - +0 pair of gloves
MR       +....                  d - +0 pair of boots of Jiryap {rElec Str-5 Int-5 Slay+5}
Stlth    ..........             c - amulet "Qejuceus" {Faith +Blink rN+}
Regen    0.5/turn               q - ring "Bicur" {+Fly rPois Str+4}
MPRegen  0.3/turn               l - ring of protection from fire

@: lethally poisoned (-3 -> -4), marked, corroded, very slightly contaminated
A: beak, slimy green scales 1, fire resistance 1, robust 1
}: 2/15 runes: decaying, gossamer
a: Stomp, Line Pass, Grand Finale, Renounce Religion, Evoke Blink, Evoke Flight


You were on level 3 of the Vaults.
You worshipped Uskayaw.
Uskayaw was most pleased with you.
You were not hungry.

You visited 7 branches of the dungeon, and saw 35 of its levels.
You also visited: Labyrinth, Sewer and Ice Cave.

You collected 3309 gold pieces.
You spent 588 gold pieces at shops.

Inventory:

Hand Weapons
 a - a +2 war axe of electrocution (weapon)
 b - a +2 hand axe of flaming
 P - a +3 broad axe
Armour
 d - the +0 pair of boots of Jiryap (worn) {rElec Str-5 Int-5 Slay+5}
   (You bought it in a shop on level 9 of the Dungeon)

   It affects your strength (-5).
   It affects your intelligence (-5).
   It affects your accuracy and damage with ranged weapons and melee attacks
   (+5).
   It insulates you from electricity.
 p - a +0 pair of gloves (worn)
 r - a +2 hat of see invisible (worn)
 w - a +0 large shield (worn)
 H - a +1 cloak (worn)
 R - the +8 plate armour of the Bull (worn) {rPois rC+++ Int-2 SInv}
   (You took it off a minotaur in a labyrinth)

   It affects your intelligence (-2).
   It renders you almost immune to cold.
   It protects you from poison.
   It lets you see invisible.
Jewellery
 c - the amulet "Qejuceus" (around neck) {Faith +Blink rN+}
   (You took it off a tengu reaver on level 14 of the Dungeon)

   [amulet of faith]

   It allows you to gain divine favour quickly.
   It protects you from negative energy.
   It lets you blink.
 l - a ring of protection from fire (right hand)
 q - the ring "Bicur" (left hand) {+Fly rPois Str+4}
   (You found it in a sewer)

   [ring of flight]

   It affects your strength (+4).
   It protects you from poison.
   It lets you fly.
Wands
 z - a wand of iceblast (9/15)
 B - a wand of flame (16/48)
 M - a wand of flame (27/48)
Scrolls
 e - 10 scrolls of recharging
 h - 5 scrolls of fear
 i - 7 scrolls of amnesia
 j - 11 scrolls of magic mapping
 k - 10 scrolls of remove curse
 o - 11 scrolls of enchant weapon
 u - 8 scrolls of teleportation
 v - 2 scrolls of enchant armour
 y - a scroll of blinking
 F - 3 scrolls of summoning
 L - 6 scrolls of identify
 S - 6 scrolls of fog
Potions
 g - 3 potions of mutation
 t - 3 potions of agility
 A - 2 potions of resistance
 C - a potion of invisibility
 D - 17 potions of curing
 E - 3 potions of magic
 G - 5 potions of haste
 I - 3 potions of cancellation
 J - 2 potions of flight
 K - 2 potions of might
 O - 8 potions of heal wounds
 Q - a potion of brilliance
 U - 2 potions of ambrosia
Comestibles
 f - 20 bread rations
 m - 17 meat rations
 n - 24 fruits
 s - 9 chunks of flesh
 x - 18 royal jellies


   Skills:
 + Level 18.7 Fighting
 - Level 18.0 Axes
 + Level 16.2 Armour
 + Level 7.1 Dodging
 - Level 5.0 Stealth
 + Level 18.0 Shields
 + Level 19.2 Invocations
 - Level 6.0 Evocations


You had 19 spell levels left.
You didn't know any spells.

Dungeon Overview and Level Annotations

Branches:
Dungeon (15/15)            Temple (1/1) D:4            Lair (6/6) D:9
  Swamp (4/4) Lair:2       Spider (4/4) Lair:2        Slime (0/5) Lair:6
    Orc (2/2) D:10            Elf (0/3) Orc:2        Vaults (3/5) D:13
  Crypt (0/3) Vaults:2     Depths (0/5) D:15

Altars:
Ashenzari
Cheibriados
Dithmenos
Elyvilon
Fedhas
Gozag
Hepliaklqana
Kikubaaqudgha
Makhleb
Nemelex Xobeh
Okawaru
Qazlal
Ru
Sif Muna
Trog
Uskayaw
Vehumet
Wu Jian
Xom
Yredelemnul
Zin
The Shining One
Beogh

Shops:
D:4 (:   D:7 }   D:9 [![:   Orc:1 (   Orc:2 *([[   Vaults:1 ?

Portals:
Bazaar: Vaults:2

Annotations:
Lair:4 exclusion: 3 oklob plants


Innate Abilities, Weirdness & Mutations

You have a beak for a mouth.
You are partially covered in slimy green scales. (AC +2)
Your flesh is heat resistant. (rF+)
You are robust. (+10% HP)


Message History

The deep troll closely misses you. The deep troll claws you.
* * * LOW HITPOINT WARNING * * *
The ironheart preserver closely misses you.
The deep troll bites you!!
* * * LOW HITPOINT WARNING * * *
The deep troll barely misses you. You block the deep troll's attack.
The vault warden activates a sealing rune.
A door slams shut!
Blink to where?
Press: ? - help, Dir - move target cursor You are very lightly contaminated with residual magic.
As you read the scroll of blinking, it crumbles to dust.
You feel sick.
As you read the scroll of teleportation, it crumbles to dust.
You feel strangely unstable.
You feel sick.
Your surroundings seem slightly different.
You block the deep troll's attack. The deep troll closely misses you.
The deep troll claws you!!
You die...

..................
..................
...........########
...........#......#
.#########.#.....ยง#
.####.####.#......#
.#.##.##.#.#......#
.#..#.#..#.#......#
.##...))##.#....@.#
.###.))###.#....T.#
.##..)).##.#...>..#
.#..#.#).'.#....c.#
.#.##.##.#.#...a..+
.####.####.#......#
.####'#########p###
...#....#..#.Tpc#
...#....#..#..cc#


You could see an ironheart preserver, a vault warden, an entropy weaver, a deep
troll and 2 yaktaurs.

Vanquished Creatures
  Saint Roka (Vaults:2)
  Rupert (D:13)
  2 sphinxes
  Gastronok (Lair:1)
  Kirke (D:14)
  A tengu reaver (D:14)
  4 thorn hunters
  Roxanne (D:14)
  A fire giant (Vaults:3)
  6 vault wardens
  4 ghost moths (Spider:4)
  Louise (D:14)
  An orc warlord (Orc:2)
  7 ironheart preservers
  The ghost of zhorgal the Severer, a journeyman HOFi of Makhleb (Orc:2)
  2 emperor scorpions (Spider:4)
  A war gargoyle (Vaults:2)
  4 very ugly things (Vaults:2)
  4 entropy weavers
  3 stone giants (Vaults:2)
  Nessos (D:13)
  A vampire knight (D:14)
  4 spark wasps
  A dire elephant (Lair:6)
  A deep elf annihilator (Vaults:3)
  2 ettins
  A deep elf death mage (Vaults:3)
  Josephine (Lair:5)
  2 fire dragons
  3 yaktaur captains
  A minotaur (Lab)
  A deep elf high priest (D:14)
  The ghost of anfisbena the Cleaver, a journeyman HOFi of Uskayaw (D:10)
  15 hydras
  2 rakshasas
  2 vault guards
  5 ghost crabs
  Harold (Lair:1)
  7 centaur warriors
  A catoblepas (Lair:6)
  2 death knights
  9 ogre magi
  35 two-headed ogres
  2 deep troll shamans
  3 tengu warriors
  5 alligators
  11 death yaks
  A deep troll earth mage (D:14)
  An orc high priest (Orc:2)
  Sonja (Lair:1)
  3 deep elf knights
  5 skeletal warriors
  A shadow wraith (Vaults:2)
  3 unseen horrors
  2 flayed ghosts
  A glowing orange brain (Vaults:1)
  A spriggan druid (Swamp:4)
  7 shambling mangroves
  6 deep trolls
  4 phantasmal warriors
  2 wizards
  9 swamp dragons
  A lindwurm (Swamp:4)
  8 orc knights
  5 ironbrand convokers
  A lindwurm (shapeshifter) (D:15)
  A deep elf archer (Vaults:3)
  A necromancer (IceCv)
  5 harpies (Vaults:2)
  36 wolf spiders
  Pikel (D:6)
  7 deep elf magi
  31 ugly things
  2 moths of wrath
  7 cyclopes
  20 orb spiders
  2 manticores
  5 black mambas
  4 elephants (Lair:6)
  3 ice statues (IceCv)
  10 vault sentinels
  3 gargoyles
  22 spiny frogs
  A spiny frog (shapeshifter) (D:15)
  3 freezing wraiths
  11 demonic crawlers
  4 rime drakes
  25 yaktaurs
  5 ice devils (IceCv)
  3 komodo dragons
  A jumping spider (shapeshifter) (D:14)
  10 trolls
  26 jumping spiders
  5 tyrant leeches
  9 blink frogs (Lair:6)
  29 hornets
  2 polar bears (Lair:6)
  A blink frog (shapeshifter) (Vaults:2)
  12 bog bodies
  10 hippogriffs
  18 slime creatures
  A redback (shapeshifter) (Vaults:3)
  8 spriggans
  A vampire (D:12)
  A shadow (D:15)
  A wyvern (shapeshifter) (Vaults:2)
  21 yaks
  73 redbacks
  38 tarantellas
  4 wyverns
  Eustachio (D:5)
  3 basilisks
  5 hogs (D:14)
  4 wraiths
  A basilisk (shapeshifter) (Vaults:2)
  12 vampire mosquitoes
  Menkaure (D:6)
  Grum (Lair:1)
  2 hungry ghosts (D:13)
  5 wargs
  25 swamp worms
  3 acid dragons
  3 insubstantial wisps (Swamp:3)
  An acid dragon (shapeshifter) (Vaults:1)
  11 porcupines
  8 water moccasins
  5 sky beasts
  Purgy (Sewer)
  11 swamp drakes
  An eye of draining (D:12)
  8 ice beasts
  35 orc warriors
  The ghost of anfisbena the Skirmisher, an amateur HOFi (D:3)
  2 black bears
  4 slaves
  36 ogres
  2 phantoms (D:6)
  A boggart (D:13)
  15 wolves
  16 centaurs
  8 crocodiles
  Blork the orc (D:6)
  7 big kobolds
  22 bullfrogs
  A wyvern zombie (D:12)
  A wyvern skeleton (D:13)
  3 scorpions
  15 killer bees
  3 electric eels
  2 crimson imps
  A draconian simulacrum (IceCv)
  4 centaur zombies
  4 lava snakes (Lab)
  A quasit (D:11)
  A yaktaur simulacrum (Vaults:1)
  10 jellies
  A wyvern simulacrum (D:14)
  9 hounds
  8 centaur skeletons
  23 orc priests
  3 bullfrog skeletons
  3 iguanas
  A hell rat (D:9)
  2 spriggan simulacra (IceCv)
  12 worker ants
  30 orc wizards
  3 troll simulacra (IceCv)
  A killer bee zombie (D:7)
  4 centaur simulacra
  2 hound skeletons
  A howler monkey zombie (D:7)
  14 gnolls
  A naga simulacrum (IceCv)
  21 adders
  2 river rats
  A shadow imp (D:15)
  7 oozes
  An adder zombie (D:5)
  8 worms
  4 dart slugs
  9 leopard geckos
  144 orcs
  5 ball pythons
  12 bats
  4 giant cockroaches
  7 hobgoblins
  7 jackals (D:4)
  9 quokkas
  6 frilled lizards
  13 goblins
  A jackal zombie (D:5)
  26 kobolds
  A leopard gecko skeleton (D:7)
  A quokka skeleton (D:9)
  8 rats
  3 fungi
  3 plants
1441 creatures vanquished.

Vanquished Creatures (others)
  A flayed ghost (Vaults:2)
  A swamp dragon (Swamp:3)
  2 lindwurms (Swamp:4)
  A wolf spider (Spider:4)
  2 vault sentinels (Vaults:2)
  A jumping spider (Spider:4)
  A redback (Spider:4)
  An ogre (Vaults:3)
  12 fungi
  10 plants (Lair:6)
32 creatures vanquished.

Grand Total: 1473 creatures vanquished

Notes
Turn   | Place    | Note
-------+----------+-------------------------------------------
     0 | D:1      | anfisbena the Hill Orc Fighter began the quest for the Orb.
     0 | D:1      | Reached XP level 1. HP: 19/19 MP: 1/1
   213 | D:1      | Reached XP level 2. HP: 27/27 MP: 2/2
   709 | D:2      | Reached XP level 3. HP: 20/33 MP: 3/3
  1153 | D:2      | Reached XP level 4. HP: 29/41 MP: 4/4
  1354 | D:2      | Found a glowing silver altar of Zin.
  1355 | D:2      | Noticed an angel
  1502 | D:2      | Reached skill level 5 in Fighting
  1502 | D:2      | Reached skill level 5 in Axes
  1592 | D:2      | Reached XP level 5. HP: 48/48 MP: 5/5
  2278 | D:3      | Reached XP level 6. HP: 57/57 MP: 6/6
  2311 | D:3      | Noticed anfisbena's ghost (amateur HOFi)
  2318 | D:3      | Killed anfisbena's ghost
  2886 | D:4      | Found a staircase to the Ecumenical Temple.
  2886 | D:4      | Found Gura's Weapon Shop.
  2906 | Temple   | Entered the Ecumenical Temple
  3005 | Temple   | Became a worshipper of Uskayaw the Reveler
  3121 | D:4      | Reached * piety under Uskayaw
  3124 | D:4      | Reached ** piety under Uskayaw
  3131 | D:4      | Reached XP level 7. HP: 46/64 MP: 7/7
  3131 | D:4      | Reached *** piety under Uskayaw
  3143 | D:4      | Reached **** piety under Uskayaw
  3146 | D:4      | Reached ***** piety under Uskayaw
  3478 | D:4      | Found a bloodstained altar of Trog.
  3614 | D:4      | Found Wuuxt's Book Shop.
  3712 | D:4      | Found a shadowy altar of Dithmenos.
  3963 | D:5      | Entered Level 5 of the Dungeon
  3963 | D:5      | Noticed Eustachio
  3984 | D:5      | Killed Eustachio
  4141 | D:5      | Reached XP level 8. HP: 56/74 MP: 8/8
  4599 | D:5      | Found a sparkling altar of Nemelex Xobeh.
  4599 | D:5      | Found a sacrificial altar of Ru.
  4764 | D:5      | Found a radiant altar of Vehumet.
  4805 | D:5      | Found an opulent altar of Gozag.
  5577 | D:6      | Noticed Blork the orc
  5584 | D:6      | Killed Blork the orc
  5874 | D:6      | Noticed Menkaure
  5884 | D:6      | Killed Menkaure
  5884 | D:6      | Reached XP level 9. HP: 26/84 MP: 9/9
  5935 | D:6      | Found a glowing drain.
  5940 | Sewer    | Entered a sewer
  6133 | Sewer    | Noticed Purgy
  6136 | Sewer    | Gained mutation: You have a beak for a mouth. [potion of mutation]
  6136 | Sewer    | Gained mutation: Your flesh is heat resistant. (rF+) [potion of mutation]
  6136 | Sewer    | Gained mutation: You are partially covered in slimy green scales. (AC +2) [potion of mutation]
  6136 | Sewer    | Gained mutation: You are robust. (+10% HP) [potion of mutation]
  6139 | Sewer    | Killed Purgy
  6139 | Sewer    | Reached skill level 10 in Axes
  6172 | Sewer    | Got a steaming amber ring
  6173 | Sewer    | Identified the ring "Bicur" {+Fly rPois Str+4} (You found it in a sewer)
  6303 | D:6      | Reached skill level 5 in Shields
  6397 | D:6      | Noticed Pikel
  6401 | D:6      | Reached skill level 5 in Armour
  6739 | D:6      | Killed Pikel
  6739 | D:6      | Reached skill level 10 in Fighting
  7195 | D:7      | Reached skill level 1 in Invocations
  7366 | D:7      | Reached skill level 2 in Invocations
  7553 | D:7      | Found Viel's Quality Used Wands.
  7723 | D:7      | Reached skill level 3 in Invocations
  7872 | D:7      | Reached XP level 10. HP: 100/103 MP: 12/12
  8348 | D:8      | Reached skill level 4 in Invocations
  8595 | D:8      | Noticed a cyan ugly thing
  8608 | D:8      | Killed a cyan ugly thing
  8608 | D:8      | Reached skill level 5 in Invocations
  8783 | D:8      | Found a glowing golden altar of the Shining One.
  9206 | D:9      | Found Xaplif's Armour Shoppe.
  9310 | D:9      | Noticed a two-headed ogre
  9322 | D:9      | Killed a two-headed ogre
  9322 | D:9      | Reached skill level 6 in Invocations
  9612 | D:9      | Found Xytilate's Antique Armour Emporium.
  9620 | D:9      | Bought a pair of smoking boots for 294 gold pieces
  9625 | D:9      | Identified the +0 pair of boots of Jiryap {rElec Str-5 Int-5 Slay+5} (You bought it in a shop on level 9 of the Dungeon)
  9634 | D:9      | You fall through a shaft!
  9634 | D:10     | Entered Level 10 of the Dungeon
  9657 | D:10     | Reached skill level 7 in Invocations
  9753 | D:10     | Noticed anfisbena's ghost (journeyman HOFi)
  9795 | D:10     | Killed anfisbena's ghost
  9795 | D:10     | Reached skill level 8 in Invocations
  9795 | D:10     | Reached XP level 11. HP: 66/112 MP: 15/17
 10228 | D:9      | Found Aliuxa Waic's Book Boutique.
 10336 | D:9      | Found Xicir's Distillery.
 10336 | D:9      | Noticed a two-headed ogre
 10342 | D:9      | Killed a two-headed ogre
 10453 | D:9      | Found a staircase to the Lair.
 10455 | D:9      | Noticed a death yak
 10455 | D:9      | Noticed a death yak
 10456 | D:9      | Noticed a death yak
 10464 | D:9      | Killed a death yak
 10464 | D:9      | Reached skill level 9 in Invocations
 10465 | D:9      | Killed a death yak
 10472 | D:9      | Killed a death yak
 11074 | Lair:1   | Entered Level 1 of the Lair of Beasts
 11225 | Lair:1   | Noticed Sonja
 11242 | Lair:1   | Noticed Grum
 11242 | Lair:1   | Killed Sonja
 11249 | Lair:1   | Killed Grum
 11448 | Lair:1   | Noticed Harold
 11457 | Lair:1   | Killed Harold
 11457 | Lair:1   | Reached skill level 10 in Invocations
 12178 | Lair:1   | Noticed Gastronok
 12193 | Lair:1   | Killed Gastronok
 12193 | Lair:1   | Reached XP level 12. HP: 110/123 MP: 19/19
 12306 | Lair:1   | Noticed a four-headed hydra
 12350 | Lair:1   | Killed an 11-headed hydra
 12632 | Lair:2   | Found a frozen archway.
 12648 | IceCv    | Entered an ice cave
 13389 | IceCv    | Got an ichor-stained scale mail
 13400 | IceCv    | Identified the +1 scale mail "Neogumog" {+Fly rN+ Str+3} (You found it in an ice cave)
 13998 | Lair:2   | Found a hole to the Spider Nest.
 14043 | Lair:2   | Reached skill level 10 in Shields
 14204 | Lair:2   | Found a staircase to the Swamp.
 14355 | Lair:2   | Reached XP level 13. HP: 134/134 MP: 21/21
 15063 | Lair:3   | Got an ancient scale mail
 15074 | Lair:3   | Identified the +1 scale mail of Okkefri {rF+ Str+3} (You found it on level 3 of the Lair of Beasts)
 15351 | Lair:4   | Reached skill level 15 in Axes
 15397 | Lair:4   | Reached skill level 11 in Invocations
 15533 | Lair:4   | Got a slimy war axe
 15534 | Lair:4   | Identified the +8 war axe of Generosity {protect, *Corrode +Rage rN+ Int+3} (You found it on level 4 of the Lair of Beasts)
 16517 | Lair:5   | Noticed Josephine
 16527 | Lair:5   | Killed Josephine
 16992 | Lair:5   | Reached skill level 10 in Armour
 17194 | Lair:6   | Entered Level 6 of the Lair of Beasts
 17665 | Lair:6   | Found a staircase to the Slime Pits.
 17827 | Lair:6   | Reached skill level 12 in Invocations
 18273 | Lair:6   | Reached XP level 14. HP: 141/143 MP: 23/23
 18299 | Lair:6   | Noticed a dire elephant
 18321 | Lair:6   | Killed a dire elephant
 18628 | Lair:6   | Reached skill level 13 in Invocations
 18960 | Lair:6   | Identified a scroll of acquirement
 19196 | D:10     | Found a staircase to the Orcish Mines.
 19550 | D:10     | Reached skill level 1 in Evocations
 20940 | D:12     | Found a labyrinth entrance.
 20949 | Lab      | Entered a labyrinth
 21293 | Lab      | Got a crystal dagger
 21350 | Lab      | Got a slimy plate armour
 21403 | D:12     | Reached ****** piety under Uskayaw
 21415 | D:12     | Identified the +8 plate armour of the Bull {rPois rC+++ Int-2 SInv} (You took it off a minotaur in a labyrinth)
 21967 | D:12     | Identified the +8 dagger of Imminent Death {drain, rElec Int+2} (You found it in a labyrinth)
 22353 | D:13     | Reached skill level 14 in Invocations
 22353 | D:13     | Reached skill level 5 in Evocations
 22661 | D:13     | Reached XP level 15. HP: 138/152 MP: 25/25
 22767 | D:13     | Found a sacrificial altar of Ru.
 22915 | D:13     | Noticed Rupert
 22935 | D:13     | Killed Rupert
 23432 | D:13     | Noticed Nessos
 23443 | D:13     | Killed Nessos
 23463 | D:13     | Found a gate to the Vaults.
 23785 | D:14     | Noticed Kirke
 23797 | D:14     | Killed Kirke
 23842 | D:14     | Noticed Roxanne
 23869 | D:14     | Killed Roxanne
 24172 | D:14     | Reached skill level 15 in Fighting
 24461 | D:14     | Noticed Louise
 24496 | D:14     | Killed Louise
 24664 | D:14     | Paralysed by a vampire knight for 3 turns
 24755 | D:14     | Reached skill level 15 in Invocations
 24924 | D:14     | Noticed a tengu reaver
 24942 | D:14     | Killed a tengu reaver
 24944 | D:14     | Got a brightly glowing sapphire amulet
 24977 | D:14     | Identified the amulet "Qejuceus" {Faith +Blink rN+} (You took it off a tengu reaver on level 14 of the Dungeon)
 25062 | D:14     | Got a bound platinum amulet
 25101 | D:14     | Got a translucent hand axe
 25102 | D:14     | Identified the +7 hand axe of Yeast {speed, Int+3} (You found it on level 14 of the Dungeon)
 25696 | D:14     | Identified the amulet "Ceis" {Inacc *Drain Dex+3 Stlth+} (You found it on level 14 of the Dungeon)
 25749 | D:15     | Entered Level 15 of the Dungeon
 26188 | D:15     | Reached XP level 16. HP: 163/163 MP: 27/27
 27082 | D:15     | Found a staircase to the Depths.
 27583 | Spider:1 | Entered Level 1 of the Spider Nest
 27997 | Spider:1 | Reached skill level 16 in Invocations
 29569 | Spider:2 | Reached skill level 15 in Shields
 31413 | Spider:3 | Reached XP level 17. HP: 173/173 MP: 29/29
 32042 | Spider:4 | Entered Level 4 of the Spider Nest
 32616 | Spider:4 | Lost intelligence.
 32837 | Spider:4 | Reached skill level 17 in Invocations
 33670 | Spider:4 | Got a gossamer rune of Zot
 34177 | Swamp:1  | Entered Level 1 of the Swamp
 35372 | Swamp:2  | Reached skill level 1 in Stealth
 35487 | Swamp:2  | Reached XP level 18. HP: 176/184 MP: 30/30
 36025 | Swamp:3  | Reached skill level 1 in Dodging
 36288 | Swamp:3  | Paralysed by a hornet for 1 turns
 37611 | Swamp:4  | Entered Level 4 of the Swamp
 38424 | Swamp:4  | Got a decaying rune of Zot
 39352 | Orc:1    | Entered Level 1 of the Orcish Mines
 39618 | Orc:2    | Entered Level 2 of the Orcish Mines
 39618 | Orc:2    | Noticed zhorgal's ghost (journeyman HOFi)
 39636 | Orc:2    | Killed zhorgal's ghost
 39813 | Orc:2    | Found a staircase to the Elven Halls.
 39833 | Orc:1    | Found Bar Pak's Antique Weapon Shoppe.
 40157 | Orc:2    | Found a roughly hewn altar of Beogh.
 40181 | Orc:2    | Found a roughly hewn altar of Beogh.
 40255 | Orc:2    | Found Duxkoanu's Assorted Antiques.
 40465 | Orc:2    | Found a roughly hewn altar of Beogh.
 40465 | Orc:2    | Found Ored's Antique Armour Boutique.
 40497 | Orc:2    | Bought an ancient cloak for 294 gold pieces
 40507 | Orc:2    | Identified the cursed +0 cloak of the Five Yaks {MR- Dex+6 Stlth+} (You bought it in a shop on level 2 of the Orcish Mines)
 40632 | Orc:2    | Found a roughly hewn altar of Beogh.
 40665 | Orc:2    | Found a roughly hewn altar of Beogh.
 40824 | Orc:2    | Found Upema's Antique Armour Shoppe.
 40824 | Orc:2    | Found a roughly hewn altar of Beogh.
 40829 | Orc:2    | Found Itautroe's Antique Weapon Emporium.
 41022 | Vaults:1 | Entered Level 1 of the Vaults
 41364 | Vaults:1 | Reached XP level 19. HP: 96/194 MP: 31/31
 41818 | Vaults:1 | Reached skill level 5 in Stealth
 41933 | Vaults:1 | Reached skill level 18 in Invocations
 42302 | Vaults:1 | Found Robbuty's Magic Scroll Boutique.
 42419 | Vaults:1 | Reached skill level 15 in Armour
 43203 | Vaults:2 | Reached skill level 5 in Dodging
 43650 | Vaults:2 | Noticed Saint Roka
 43664 | Vaults:2 | Killed Saint Roka
 43898 | Vaults:2 | Found a gateway to a bazaar.
 44353 | Vaults:2 | Reached XP level 20. HP: 186/206 MP: 33/33
 44450 | Vaults:2 | Found a staircase to the Crypt.
 44450 | Vaults:2 | Found a basalt altar of Yredelemnul.
 44469 | Vaults:2 | Found an ancient bone altar of Kikubaaqudgha.
 45132 | Vaults:3 | Reached skill level 19 in Invocations
 45882 | Vaults:3 | Slain by a deep troll

Vault maps used:
D:1:      shiori_arrival_elements
D:2:      zin_angel
D:3:      cheibrodos_greedy_goblins, minmay_stone_trees_medium
D:4:      grunt_dithmenos_smoke, minmay_temple_entry_junction, serial_shops,
          shop_statue, shop, first_bread, trog_butcher_becter
D:5:      vehumet_crystals, grunt_gozag_breadcrumbs,
          gammafunk_temple_overflow_wave, uniq_eustachio
D:6:      lightli_sewer_entry_pipes, hex_tiny, uniq_menkaure, uniq_pikel,
          uniq_blork_the_orc
D:7:      nicolae_for_you_no_charge
D:8:      lemuel_crystal_altar
D:9:      minmay_diamond_stairs, dpeg_lair_monsters, serial_shops,
          kennysheep_mini, shop, shop, nicolae_shop_behind_doors
D:10:     orc_0_dummy, hangedman_little_slice_of_home, corner_web_ring
D:12:     lab_entry_generic
D:13:     hangedman_vaults_entry_quadrant_bands, special_room,
          nicolae_ru_sacrificial_ziggurat, uniq_nessos, uniq_rupert
D:14:     minmay_misc_feat_hallway, minivault_16,
          minmay_the_grid_four_pointed_star_mashed, uniq_louise, uniq_kirke,
          uniq_roxanne
D:15:     grunt_enter_depths_snipers, serial_bayou_shore_b
Temple:   regret_index_temple_waves
Lair:1:   st_stairs_13, uniq_sonja, uniq_harold, uniq_grum, uniq_gastronok
Lair:2:   nicolae_swamp_entry_splash_gauntlet, dummy_spider_entry,
          portal_ice_cave_rime, beast_lair_carwin_2, serial_bayou_shore_b
Lair:4:   serial_bayou_lake_a, minmay_lair_oklob_chamber
Lair:5:   uniq_josephine
Lair:6:   grunt_lair_end_beastmaster, slime_dummy, infiniplex_staircase_pool,
          grunt_megastairs_5
Swamp:1:  evilmike_swamp_ruin_house_6
Swamp:2:  nicolae_swamp_feature_on_the_river_bank
Swamp:3:  nicolae_swamp_orc_logging_accident
Swamp:4:  swamp_alternative, swamp_pool1
Spider:1: nicolae_spider_webbed_stairs
Spider:2: hangedman_spider_tarantella_strand
Spider:4: spider_rune_water, nicolae_crawler_farm
Orc:1:    serial_shops, nicolae_shop_trees
Orc:2:    grunt_orc_community_town_hall, grunt_orc_community_big_house_2,
          grunt_orc_community_big_house_1, grunt_orc_community_house_1,
          grunt_orc_community_house_3, grunt_orc_community_house_1,
          grunt_orc_community_house_2, grunt_orc_community_house_1,
          grunt_orc_community_house_3
Vaults:1: grunt_vaults_diagonal, grunt_vaults_swirl,
          nicolae_vaults_puzzle_piece, vaults_room_glass_cross,
          hangedman_vaults_nails, nicolae_vaults_shelves_hall, v_alt_pattern_2,
          v_misc_24, vaults_dpeg_cross, vaults_room_fancy_cross, v_misc_8,
          hangedman_vaults_hat, nicolae_vaults_rhombus_6, serial_shops,
          nicolae_shop_stone
Vaults:2: hangedman_vaults_pinch, nicolae_vaults_lopsided_apartments,
          ontoclasm_vaults_twist, vaults_room_fancy_cross, vaults_room_boxed,
          nicolae_vaults_network_s, nicolae_vaults_back_hallway,
          vaults_room_fours, vaults_room_semicircle,
          minmay_crypt_entry_necro_gods, vaults_room_grid, vaults_dpeg_diagonal,
          grunt_vaults_funnel, nicolae_vaults_mini_display_case, v_misc_15,
          vaults_room_hallway, nicolae_vaults_specimen_jars, serial_shops,
          freezing_bzr, uniq_saint_roka
Vaults:3: v_misc_29, nicolae_vaults_little_squares_5, nicolae_vaults_triangles,
          nicolae_vaults_stairing_the_circle, vaults_room_hallway,
          vaults_room_semicircle, v_misc_11, nicolae_vaults_know_your_exits,
          nicolae_vaults_angled_halls, nicolae_vaults_asterisk,
          vaults_room_pool, nicolae_vaults_sealed_display
Lab:      labyrinth_green, nicolae_lab_t_cross, labyrinth_lava_lair,
          nicolae_lab_do_over, nicolae_lab_stuck, labyrinth_skeletal_remains
Sewer:    sewer_big_baddie
IceCv:    ice_cave_tombish

Skill      XL: |  1  2  3  4  5  6  7  8  9 10 11 12 13 14 15 16 17 18 19 20 |
---------------+-------------------------------------------------------------+-----
Axes           | 3 4 5 7 8 9 11 13 14 16 18 | 18.0
Fighting       | 4 5 6 8 9 10 11 12 13 14 15 16 17 18 | 18.7
Armour         | 4 6 7 8 9 10 11 12 13 14 15 16 | 16.2
Shields        | 4 6 7 9 10 11 13 15 16 17 18 | 18.0
Invocations    | 3 8 10 12 14 15 16 17 18 19 | 19.2
Evocations     | 5 6 |  6.0
Stealth        | 1 4 5 |  5.0
Dodging        | 3 5 7 |  7.1

Action                   |  1- 3 |  4- 6 |  7- 9 | 10-12 | 13-15 | 16-18 | 19-21 || total
-------------------------+-------+-------+-------+-------+-------+-------+-------++-------
Melee: War axe           |   109 |   185 |   427 |   452 |   860 |  1569 |   559 ||  4161
       Peck              |       |       |    35 |    96 |   217 |   398 |   165 ||   911
       Unarmed           |       |       |       |    32 |       |       |       ||    32
       Hand axe          |       |       |       |       |    38 |    61 |       ||    99
 Abil: Evoke Berserk Rag |       |       |       |       |     4 |       |       ||     4
       Evoke Flight      |       |       |       |       |     1 |       |       ||     1
  Use: Potion            |       |     1 |     8 |     7 |       |     3 |     1 ||    20
       Scroll            |       |       |     5 |     4 |    24 |     3 |     4 ||    40
 Stab: Paralysed         |       |       |    10 |    55 |   107 |   229 |   139 ||   540
       Invisible         |       |       |       |     3 |       |       |       ||     3
       Petrified         |       |       |       |       |    11 |       |       ||    11
       Confused          |       |       |       |       |       |     1 |       ||     1
  Eat: Chunk             |     1 |     7 |    15 |    21 |    35 |    49 |    15 ||   143
       Fruit             |       |       |       |     1 |       |     3 |       ||     4
       Meat ration       |       |       |       |       |     1 |       |       ||     1
Armor: Scale mail        |    54 |    84 |   138 |       |       |       |       ||   276
       Plate armour      |       |       |   105 |   211 |   372 |   749 |   188 ||  1625
       Skin              |       |       |       |    25 |       |       |       ||    25
Dodge: Dodged            |    42 |    56 |   110 |    66 |   108 |   220 |    67 ||   669
Block: Shield            |    70 |    89 |   233 |   231 |   314 |       |       ||   937
       Large shield      |       |       |       |       |   120 |  1408 |   356 ||  1884
